 Dungeon Crawl Stone Soup version 0.29.0-4-gdea44cf6ec (webtiles) character file.

Game seed: 12835887971579510751

170 qw the Chopper (level 5, 0/30 HPs)
             Began as a Tengu Warper on Aug 28, 2022.
             Slain by an orc priest
             ... wielding a +0 falchion
              (4 damage)
             ... on level 4 of the Dungeon.
             The game lasted 00:00:13 (2635 turns).

qw the Chopper (Tengu Warper)                       Turns: 2635, Time: 00:00:14

Health: 0/30       AC: 12    Str: 13    XL:     5   Next: 50%
Magic:  9/9        EV:  5    Int: 13    God:
Gold:   129        SH:  0    Dex: 14    Spells: 8/8 levels left

rFire   . . .      SeeInvis .   Y - +1 hand axe
rCold   . . .      Faith    .   (no shield)
rNeg    . . .      Spirit   .   l - +0 plate armour
rPois   .          Reflect  .   (helmet restricted)
rElec   .          Harm     .   (no cloak)
rCorr   .          Rampage  .   k - +0 pair of gloves
Will    .....                   (boots unavailable)
Stlth   ..........              (no amulet)
HPRegen 0.10/turn               (no ring)
MPRegen 0.11/turn               (no ring)

@: flying quickly and evasively, quick
A: beak, talons 3, nimble flight
a: no special abilities


You were on level 4 of the Dungeon.
You visited 1 branch of the dungeon, and saw 4 of its levels.

You collected 129 gold pieces.


Innate Abilities, Weirdness & Mutations

You have a beak for a mouth.
You have claws for feet.
Your magical nature lets you fly swiftly and evasively.


   Skills:
 - Level 2.0 Fighting
 + Level 5.4 Axes
 - Level 1.0 Throwing
 - Level 2.8 Armour
 - Level 2.1 Dodging
 - Level 2.0 Spellcasting
 - Level 2.4 Translocations


You had 8 spell levels left.
You didn't know any spells.
Your spell library contained the following spells:

 Spells                   Type           Power      Damage    Failure   Level
 Blink                    Tloc           14%        N/A       100%        2
 Gell's Gravitas          Tloc           7%         N/A       100%        3
 Lesser Beckoning         Tloc           7%         N/A       100%        3
 Teleport Other           Tloc           7%         N/A       100%        3
 Manifold Assault         Tloc           7%         N/A       100%        5

Inventory:

Hand Weapons
 c - a +0 flail
 Y - a +1 hand axe (weapon)
Armour
 k - a +0 pair of gloves (worn)
 l - a +0 plate armour (worn)
Scrolls
 a - a scroll of identify
Potions
 b - a potion of heal wounds {unknown}
 e - a potion of cancellation {unknown}
 f - a potion of attraction {unknown}
 g - a potion of brilliance {unknown}
 i - a potion of degeneration {unknown}
 j - a potion of haste

Dungeon Overview and Level Annotations

Branches:
Dungeon (4/15)
 Temple: D:4-7

Altars:
Fedhas


Message History

The orc priest calls down the wrath of Beogh upon you.
Beogh smites you!
You slash the orc! Your peck misses the orc.
The orc is almost dead.
The orc hits you with a +0 club.
The orc priest miscasts a cantrip.
You barely miss the orc. You claw the orc.
You kill the orc!
You barely miss the ball python.
The ball python bites you but does no damage.
The ball python grabs you. The ball python constricts you.
The orc priest looks braver for a moment.
You hit the ball python.
You peck the ball python, but do no damage.
The ball python is severely wounded.
The ball python bites you but does no damage.
The ball python constricts you.
The ball python bites you but does no damage.
The ball python constricts you.
You hit the ball python.
You kill the ball python!
You hit the orc priest.
The orc priest hits you but does no damage.
The orc priest mumbles some strange prayers to Beogh against you.
Beogh smites you!
You closely miss the orc priest. You claw the orc priest.
The orc priest is moderately wounded.
The orc priest hits you but does no damage.
The orc priest looks satisfied for a moment.
You hit the orc priest but do no damage.
Your kick misses the orc priest. You peck the orc priest.
The orc priest is heavily wounded.
The orc priest hits you but does no damage.
You hit the orc priest.
The orc priest is severely wounded.
The orc priest casts a cantrip, but nothing happens.
You hit the orc priest.
The orc priest is almost dead.
The orc priest hits you with a +0 falchion.
You die...

....... ......
## #.#..# .###
#....# #....
####..#.##...
...........##
.......)....##
......%)@....#
.......)o..#..#
..(...o....#
..........##
.....#.<.##
.........#
..####...# ..
#<... #....#


You could see 2 orc priests.

Vanquished Creatures
  A howler monkey (D:4)
  Jessica (D:3)
  A gnoll (D:1)
  3 adders
  2 dart slugs
  A worm (D:3)
  2 orcs (D:4)
  6 ball pythons
  3 endoplasms
  5 giant cockroaches
  6 goblins
  7 hobgoblins
  3 jackals (D:2)
  6 kobolds
  4 quokkas
  2 bats
  2 frilled lizards
55 creatures vanquished.

Vanquished Creatures (others)
  3 fungi (D:3)
  3 plants (D:3)
6 creatures vanquished.

Grand Total: 61 creatures vanquished

Notes
Turn   | Place    | Note
-------+----------+-------------------------------------------
     0 | D:1      | qw the Tengu Warper began the quest for the Orb.
     0 | D:1      | Reached XP level 1. HP: 12/12 MP: 4/4
     0 | D:1      | 0 ||| qw: Version: 0.1-a-89-g26bdef1
     0 | D:1      | 0 ||| qw: Game counter: 255
     0 | D:1      | 0 ||| qw: Always use a shield: true
     0 | D:1      | 0 ||| qw: God list: Okawaru
     0 | D:1      | 0 ||| qw: Allow faded altars: false
     0 | D:1      | 0 ||| qw: Do Orc after D:15 true
     0 | D:1      | 0 ||| qw: Do second Lair branch before Depths: true
     0 | D:1      | 0 ||| qw: Lair rune preference: random
     0 | D:1      | 0 ||| qw: Plans: Normal
     0 | D:1      | 0 ||| PLANNING D:1-11
   192 | D:1      | Found a faded altar of an unknown god.
   219 | D:1      | 219 ||| Stepping ~*~*~tactically~*~*~ (hiding).
   225 | D:1      | Reached XP level 2. HP: 17/17 MP: 6/6
   336 | D:1      | Reached skill level 3 in Axes
   655 | D:1      | Reached XP level 3. HP: 21/21 MP: 7/7
   656 | D:1      | 656 ||| Stepping ~*~*~tactically~*~*~ (stealth).
   657 | D:1      | 657 ||| Stepping ~*~*~tactically~*~*~ (stealth).
   812 | D:1      | Reached skill level 4 in Axes
   849 | D:1      | 849 ||| UPGRADING to +0 chain mail.
   859 | D:1      | 859 ||| DROPPING +0 leather armour.
   860 | D:1      | 860 ||| UPGRADING to +0 pair of gloves.
   865 | D:1      | 865 ||| READING 2 scrolls labelled BUFETSEUSIN.
   866 | D:1      | 866 ||| DRINKING 2 bubbling dark potions.
   867 | D:1      | 867 ||| DROPPING scroll of blinking.
   895 | D:2      | 895 ||| DROPPING +0 club.
  1348 | D:2      | Reached XP level 4. HP: 22/26 MP: 8/8
  1609 | D:2      | 1609 ||| Stepping ~*~*~tactically~*~*~ (stealth).
  1618 | D:2      | 1618 ||| Stepping ~*~*~tactically~*~*~ (stealth).
  1647 | D:2      | 1647 ||| READING scroll labelled ADOTSY EBONA.
  1648 | D:2      | 1648 ||| READING scroll labelled YZOTOI ABLUCUMP.
  1649 | D:2      | 1649 ||| READING 2 scrolls of identify.
  1649 | D:2      | 1649 ||| IDENTIFYING bubbling emerald potion
  1650 | D:2      | 1650 ||| DROPPING potion of flight.
  1720 | D:3      | 1720 ||| Stepping ~*~*~tactically~*~*~ (stealth).
  1721 | D:3      | 1721 ||| Stepping ~*~*~tactically~*~*~ (stealth).
  1841 | D:3      | Noticed Jessica
  1848 | D:3      | Killed Jessica
  1849 | D:3      | Reached skill level 5 in Axes
  2185 | D:3      | Found a blossoming altar of Fedhas.
  2313 | D:3      | Gained mutation: Your magical nature lets you fly swiftly
                  | and evasively. [Tengu growth]
  2313 | D:3      | Reached XP level 5. HP: 29/30 MP: 9/9
  2550 | D:3      | 2550 ||| UPGRADING to +0 plate armour.
  2560 | D:3      | 2560 ||| DROPPING +0 chain mail.
  2561 | D:3      | 2561 ||| READING scroll labelled FUEDAFEPYK.
  2624 | D:4      | 2624 ||| Stepping ~*~*~tactically~*~*~ (hiding).
  2631 | D:4      | HP: 3/30 [orc priest/divine providence (10)]
  2635 | D:4      | Slain by an orc priest

Levels and vault maps discovered:
D:1:      dpeg_arrival_arbitrary_c, layout_loops_cross,
          shapermc_ecumenical_altar_hornbeckon
D:2:      layout_basic
D:3:      layout_loops_ring, fedhas_altar_3, hangedman_decor_push, uniq_jessica
D:4:      minmay_diamond_boxcup, layout_rooms, uniq_sigmund

Skill      XL: |  1  2  3  4  5 |
---------------+----------------+-----
Axes           | 3 4 5 |  5.4
Armour         | 2 |  2.8
Fighting       | |  2.0
Throwing       | |  1.0
Dodging        | |  2.1
Spellcasting   | |  2.0
Translocations | |  2.4

Action                   |  1- 3 |  4- 6 || total
-------------------------+-------+-------++-------
Melee: Hand axe          |    51 |    81 ||   132
       Kick              |    12 |    20 ||    32
       Peck              |     9 |    14 ||    23
Throw: Boomerang         |     7 |       ||     7
  Use: Scroll            |     1 |     4 ||     5
       Potion            |     1 |       ||     1
Armor: Leather armour    |     4 |       ||     4
       Chain mail        |    10 |    29 ||    39
       Plate armour      |       |    20 ||    20
Dodge: Dodged            |    14 |    13 ||    27

Table legend:
 A = Non-vault XP
 B = Vault XP
 C = Vault XP percentage of total XP
 D = Non-vault monster count
 E = Vault monster count
 F = Vault count percentage of total count
                 A         B        C        D         E       F
            +---------+---------+-------+---------+---------+-------
      Total |     206 |      37 |  15.2 |      54 |       1 |   1.8
            +---------+---------+-------+---------+---------+-------
        D:1 |      45 |       0 |   0.0 |      16 |       0 |   0.0
        D:2 |      57 |       0 |   0.0 |      20 |       0 |   0.0
        D:3 |      33 |      37 |  52.9 |      10 |       1 |   9.1
        D:4 |      71 |       0 |   0.0 |       8 |       0 |   0.0
            +---------+---------+-------+---------+---------+-------
